 Dungeon Crawl Stone Soup version 0.25-a0-464-g3004169c2b (webtiles) character file.

Game seed: 13501893546587874608, levelgen mode: deterministic

82 Epan the Digger (level 4, -4/24 HPs)
             Began as a Gargoyle Earth Elementalist on Feb 4, 2020.
             Slain by a worm (5 damage)
             ... on level 3 of the Dungeon.
             The game lasted 00:04:11 (1903 turns).

Epan the Digger (Gargoyle Earth Elementalist)       Turns: 1903, Time: 00:04:14

Health: -4/24      AC:  8    Str:  9 (11) XL:     4   Next: 43%
Magic:  5/8        EV: 12    Int: 15 (17) God:
Gold:   86         SH:  0    Dex:  7 (10) Spells: 5/9 levels left

rFire    . . .     SeeInvis .   n - -3 lajatang (curse)
rCold    + . .     Gourm    .   (shield currently unavailable)
rNeg     + . .     Faith    .   c - +0 robe
rPois    ∞         Spirit   .   (no helmet)
rElec    +         Reflect  .   (no cloak)
rCorr    .         Harm     .   a - +1 pair of gloves
MR       .....                  (no boots)
Stlth    +.........             (no amulet)
HPRegen  0.08/turn              i - +1 ring of protection
MPRegen  0.11/turn              h - ring of protection from cold

@: confused, very slightly contaminated
A: negative energy resistance 1, electricity resistance, unbreathing,
petrification resistance, rot immunity, AC +3
a: no special abilities


You were on level 3 of the Dungeon.
You were not hungry.

You visited 1 branch of the dungeon, and saw 3 of its levels.

You collected 86 gold pieces.

Inventory:

Hand Weapons
 l - a +1 club
 n - a cursed -3 lajatang (weapon)
 o - a +0 short sword
Missiles
 b - 62 stones (quivered)
Armour
 a - a +1 pair of gloves (worn)
 c - a +0 robe (worn)
Jewellery
 h - a ring of protection from cold (right hand)
 i - a +1 ring of protection (left hand)
Scrolls
 p - a scroll of teleportation
 s - a scroll of identify {unknown}
Potions
 e - a potion of degeneration
 g - a potion of flight {unknown}
 j - a potion of brilliance {unknown}
 k - a potion of agility {unknown}
 m - a potion of might {unknown}
 r - a potion of haste {unknown}
Comestibles
 d - 6 rations
 q - a chunk of flesh


   Skills:
 - Level 1.5 Dodging
 - Level 2.1 Stealth
 + Level 3.1 Spellcasting
 + Level 1.4 Conjurations
   Level 0.7 Transmutations
 + Level 4.8 Earth Magic


You had 5 spell levels left.
You knew the following spells:

 Your Spells              Type           Power        Failure   Level  Hunger
a - Sandblast             Erth           ###...       2%          1    #......
b - Stone Arrow           Conj/Erth      ##....       16%         3    ###....

Your spell library contained the following spells:

 Spells                   Type           Power        Failure   Level  Hunger
 Passwall                 Tmut/Erth      ##......     10%         2    ##.....
 Petrify                  Tmut/Erth      ##......     54%         4    #####..
 Lee's Rapid Deconstruct  Erth           ###.......   58%         5    ######.


Dungeon Overview and Level Annotations

Branches:
Dungeon (3/15)

Altars:
Yredelemnul


Innate Abilities, Weirdness & Mutations

You are resistant to torment.
Your stone body is resilient. (AC +3)
You are immune to poison.
You resist negative energy. (rN+)
You are resistant to electric shocks. (rElec)
You can survive without breathing.
You are immune to petrification.
You are immune to rotting.


Message History

The worm bites you!
* * * LOW HITPOINT WARNING * * *
Casting: Sandblast (safe; 2% risk of failure)
Confirm with . or Enter, or press ? or * to list all spells.
You don't have enough magic to cast that spell.
Unknown command.
It was a potion of degeneration.
There was something very wrong with that liquid.
You feel weakened.
You feel dopey.
You feel clumsy. The adder closely misses you.
The frilled lizard closely misses you. The orc misses you.
The hobgoblin hits you but does no damage.
It was a potion of ambrosia.
You are confused.
You feel invigorated. The adder bites you.
* * * LOW HITPOINT WARNING * * *
The frilled lizard bites you.
* * * LOW HITPOINT WARNING * * *
The worm bites you.
You die...

...............#
...............##
.................
...............#
#.%..$...?.....#
#..............###
#......w.o........
#.....l@S......#
##....g##.....##
#####(##.#####
#)##oo######
.#####..##......#
.......[So.......#
.?........#......#
..........#......#
.....=%...########


You could see a worm, an adder, an orc, a hobgoblin and a frilled lizard.

Vanquished Creatures
  Jessica (D:3)
  An adder (D:2)
  2 worms (D:2)
  2 orcs (D:3)
  A ball python (D:2)
  4 giant cockroaches
  5 goblins
  3 hobgoblins
  3 kobolds
  8 bats
  6 frilled lizards (D:2)
  3 rats
  A spectral orc (D:2)
40 creatures vanquished.

Notes
Turn   | Place    | Note
-------+----------+-------------------------------------------
     0 | D:1      | Epan the Gargoyle Earth Elementalist began the quest for
                  | the Orb.
     0 | D:1      | Reached XP level 1. HP: 10/10 MP: 3/3
   320 | D:1      | Reached skill level 4 in Earth Magic
   320 | D:1      | Reached XP level 2. HP: 12/15 MP: 5/5
   937 | D:2      | Reached XP level 3. HP: 19/19 MP: 1/7
   942 | D:2      | Learned a level 3 spell: Stone Arrow
  1725 | D:2      | Found a basalt altar of Yredelemnul.
  1812 | D:3      | Noticed Jessica
  1819 | D:3      | Killed Jessica
  1819 | D:3      | Reached skill level 1 in Conjurations
  1819 | D:3      | Reached XP level 4. HP: 22/24 MP: 1/8
  1903 | D:3      | HP: 1/24 [frilled lizard (3)]
  1903 | D:3      | Slain by a worm

Levels and vault maps discovered:
D:1:      dpeg_arrival_boxorama, layout_loops_ring
D:2:      layout_rooms, yredelemnul_forgotten_temple_becter, st_stairs_7
D:3:      layout_rooms, lemuel_doored_altar, uniq_jessica

Skill      XL: |  1  2  3 |
---------------+----------+-----
Earth Magic    | 4 |  4.8
Spellcasting   | 3 |  3.1
Conjurations   | 1 |  1.4
Dodging        | |  1.5
Stealth        | |  2.1
Transmutations | |  0.7

Action                   |  1- 3 |  4- 6 || total
-------------------------+-------+-------++-------
Melee: Unarmed           |    43 |       ||    43
       Club              |    24 |       ||    24
       Lajatang          |   157 |     5 ||   162
 Cast: Sandblast         |    33 |    10 ||    43
  Use: Scroll            |     7 |       ||     7
       Potion            |       |     2 ||     2
 Stab: Sleeping          |     2 |       ||     2
  Eat: Chunk             |     4 |       ||     4
Armor: Robe              |   162 |    22 ||   184
Dodge: Dodged            |   249 |    29 ||   278

Table legend:
 A = Non-vault XP
 B = Vault XP
 C = Vault XP percentage of total XP
 D = Non-vault monster count
 E = Vault monster count
 F = Vault count percentage of total count
                 A         B        C        D         E       F
            +---------+---------+-------+---------+---------+-------
      Total |      67 |      51 |  43.2 |      37 |       3 |   7.5
            +---------+---------+-------+---------+---------+-------
        D:1 |      18 |       0 |   0.0 |      12 |       0 |   0.0
        D:2 |      39 |      14 |  26.4 |      21 |       2 |   8.7
        D:3 |      10 |      37 |  78.7 |       4 |       1 |  20.0
            +---------+---------+-------+---------+---------+-------
